[Event "47th GRE-chT 2019"]
[Site "Patra"]
[Date "2019.07.05"]
[Round "6.38"]
[White "Androutsopoulos-Agiotatos, Vasil"]
[Black "Samakas, Anastasios"]
[Result "1/2-1/2"]
[ECO "C10"]
[WhiteElo "2063"]
[BlackElo "1999"]
[Annotator "NA"]
[PlyCount "134"]
[EventDate "2019.07.02"]
[EventCountry "GRE"]
[SourceTitle "playchess.com"]
[Source "ChessBase"]
[SourceQuality "1"]
[TimeControl "5400+30"]

1. e4 e6 2. d4 d5 3. Nc3 dxe4 4. Nxe4 Nf6 5. Nxf6+ gxf6 6. Nf3 b6 7. Bb5+ c6 8. Bd3 Bb7 9. Bf4 Bd6 10. Bg3 Qc7 11. Qe2 Nd7 12. O-O-O O-O-O 13. Kb1 h6 14. c3 Kb8 15. Rhe1 Rde8 16. Ba6 Nf8 17. Nd2 Bxg3 18. hxg3 f5 19. Bxb7 Kxb7 20. Nc4 Ng6 21. Qh5 Rd8 22. Ne5 Nxe5 23. Rxe5 c5 24. Qf3+ Kb8 25. Qe3 cxd4 26. cxd4 Rc8 27. Qd2 Rhd8 28. Re3 Rxd4 29. Rd3 Rxd3 30. Qxd3 Qc4 31. Qd6+ Kb7 32. Qd3 Qxd3+ 33. Rxd3 b5 34. a3 Kb6 35. Rd7 Rc7 36. Rd8 Rc5 37. Rd7 Rc7 38. Rd8 a5 39. Rb8+ Rb7 40. Rh8 b4 41. axb4 axb4 42. Kc2 Kb5 43. Rxh6 Rc7+ 44. Kb3 Rd7 45. Rh4 Rd3+ 46. Kc2 Rd5 47. Kb3 Rd3+ 48. Kc2 Rd5 49. Kb3 Ka5 50. Rf4 Rd2 51. Rf3 Rd4 52. Re3 Kb5 53. Re5+ Kc6 54. Re3 Kc5 55. Rf3 Kd5 56. Rf4 Rd2 57. Kxb4 Rxb2+ 58. Kc3 Re2 59. Kd3 Re1 60. g4 Ke5 61. g3 fxg4 62. Rxf7 Re4 63. Rh7 Ra4 64. Rh5+ Kd6 65. Rh8 Ra2 66. Ke3 Ra4 {[%emt 0:00:41] Ke4 Ke5+} 67. Ra8 Rxa8 1/2-1/2

[Event "47th GRE-chT 2019"]
[Site "Patra"]
[Date "2019.07.05"]
[Round "6.39"]
[White "Ioannou, Ioannis Nik."]
[Black "Koutlas, Nikolaos"]
[Result "0-1"]
[ECO "E46"]
[WhiteElo "1489"]
[BlackElo "1969"]
[Annotator "NA"]
[PlyCount "76"]
[EventDate "2019.07.02"]
[EventCountry "GRE"]
[SourceTitle "playchess.com"]
[Source "ChessBase"]
[SourceQuality "1"]
[TimeControl "5400+30"]

1. d4 Nf6 2. c4 e6 3. Nc3 Bb4 4. e3 O-O 5. Nge2 Re8 6. a3 Bf8 7. g3 d5 8. cxd5 exd5 9. Bg2 c6 10. Bd2 Bf5 11. Nf4 Bd6 12. Nce2 h6 13. h4 Nbd7 14. f3 Qb6 15. Bc1 Qc7 16. Kf2 h5 17. Bh3 Bxh3 18. Rxh3 Nf8 19. b4 a6 20. Bd2 N8d7 21. Qc2 Nb6 22. Qf5 Nc4 23. Bc1 Qe7 24. Qd3 b5 25. Rh1 a5 26. bxa5 Rxa5 27. Ng2 Rea8 28. Re1 Bxa3 29. Bxa3 Rxa3 30. Rxa3 Rxa3 31. Qc2 b4 32. Nc1 g6 33. e4 Qa7 34. Rd1 b3 35. Qb1 b2 36. Ne2 Ra1 37. Qc2 Rxd1 38. Qxd1 Qa1 0-1

[Event "47th GRE-chT 2019"]
[Site "Patra"]
[Date "2019.07.05"]
[Round "6.40"]
[White "Dogias, Christos"]
[Black "Ximinis, Ioannis"]
[Result "1-0"]
[ECO "C02"]
[WhiteElo "1409"]
[BlackElo "1156"]
[Annotator "NA"]
[PlyCount "111"]
[EventDate "2019.07.02"]
[EventCountry "GRE"]
[SourceTitle "playchess.com"]
[Source "ChessBase"]
[SourceQuality "1"]
[TimeControl "5400+30"]

1. e4 e6 2. d4 d5 3. e5 c5 4. c3 Qb6 5. Nf3 Nc6 6. a3 c4 7. Be2 Nge7 8. O-O Bd7 9. Nbd2 Na5 10. Rb1 Nc8 11. Ne1 Qc7 12. f4 Nb6 13. Nc2 Ba4 14. Nf3 O-O-O 15. Be3 Be7 16. Nd2 Kb8 17. Qc1 Rc8 18. Ne1 Nb3 19. Nxb3 Bxb3 20. Nf3 Ka8 21. Ng5 Bxg5 22. fxg5 h6 23. gxh6 gxh6 24. Qd2 h5 25. Rf2 Rcg8 26. Rbf1 Rh7 27. Kh1 Ba4 28. Bg5 Be8 29. Bf6 Nd7 30. Bd1 Nxf6 31. Rxf6 Qb6 32. R1f4 Rhg7 33. g3 Rg5 34. Rh6 Qd8 35. Qf2 R5g6 36. Rxh5 Rf8 37. Rf6 Qe7 38. Rh6 Rxh6 39. Rxh6 Qg5 40. Qf4 Qg8 41. Qf6 a6 42. Kg2 Ka7 43. h3 Bc6 44. Bc2 Rb8 45. Rh7 Be8 46. Qg7 Qxg7 47. Rxg7 b5 48. h4 Rb7 49. h5 f5 50. exf6 Bxh5 51. Rxb7+ Kxb7 52. g4 Bf7 53. g5 Kc7 54. g6 Bg8 55. f7 Bxf7 56. gxf7 1-0

[Event "47th GRE-chT 2019"]
[Site "Patra"]
[Date "2019.07.06"]
[Round "7.2"]
[White "Martinovic, Sasa"]
[Black "Galopoulos, Nikolaos"]
[Result "1/2-1/2"]
[ECO "D35"]
[WhiteElo "2560"]
[BlackElo "2361"]
[Annotator "ChessBase"]
[PlyCount "74"]
[EventDate "2019.07.02"]
[EventCountry "GRE"]
[SourceTitle "playchess.com"]
[Source "ChessBase"]
[SourceQuality "1"]
[TimeControl "5400+30"]

1. d4 Nf6 2. c4 e6 3. Nc3 d5 4. cxd5 exd5 5. Bg5 c6 6. e3 Be7 7. Bd3 Nbd7 8. Nge2 Nh5 9. Bxe7 Qxe7 10. g4 Nhf6 11. Ng3 Nb6 12. g5 Ng8 13. h4 g6 14. Qf3 h6 15. gxh6 Nxh6 16. Qf4 Be6 17. O-O-O O-O-O 18. Rdg1 Rdg8 19. f3 f6 20. e4 Nf7 21. Nge2 Nd6 22. Kb1 g5 23. hxg5 Rxh1 24. Rxh1 fxg5 25. Qc1 Rf8 26. e5 Bf5 27. Bxf5+ Nxf5 28. Rg1 Nh4 29. Qxg5 Qxg5 30. Rxg5 Nxf3 31. Rg7 Nc4 32. b3 Ne3 33. e6 Re8 34. Rg3 Nf1 35. Rg6 Ne3 36. Rg3 Nf1 37. Rg6 Ne3 1/2-1/2

[Event "47th GRE-chT 2019"]
[Site "Patra"]
[Date "2019.07.06"]
[Round "7.2"]
[White "Mastrovasilis, Athanasios"]
[Black "Safarli, Eltaj"]
[Result "1/2-1/2"]
[ECO "D85"]
[WhiteElo "2518"]
[BlackElo "2608"]
[Annotator "RC"]
[PlyCount "61"]
[EventDate "2019.07.02"]
[EventCountry "GRE"]
[SourceTitle "playchess.com"]
[Source "ChessBase"]
[SourceQuality "1"]
[TimeControl "5400+30"]

1. d4 Nf6 2. c4 g6 3. Nc3 d5 4. cxd5 Nxd5 5. e4 Nxc3 6. bxc3 Bg7 7. Nf3 c5 8. Bb5+ Nc6 9. O-O O-O 10. Ba3 cxd4 11. Bxc6 bxc6 12. cxd4 Bg4 13. Bc5 Re8 14. Rb1 Qd7 15. Rb4 a5 16. Ra4 Qb7 17. Qb1 Qb5 18. Ra3 Rad8 19. Qxb5 cxb5 20. Rxa5 Bxf3 21. gxf3 Bxd4 22. Rxb5 Bxc5 23. Rxc5 Rd2 24. a4 Rb8 25. Ra5 Rbb2 26. Kg2 Ra2 27. Ra7 e6 28. a5 Rdc2 29. a6 Rc6 30. Rd1 Rcxa6 31. Rxa6 1/2-1/2

[Event "47th GRE-chT 2019"]
[Site "Patra"]
[Date "2019.07.06"]
[Round "7.3"]
[White "Halkias, Stelios"]
[Black "Malikentzos, Sotirios"]
[Result "0-1"]
[ECO "D63"]
[WhiteElo "2553"]
[BlackElo "2428"]
[Annotator "ChessBase"]
[PlyCount "69"]
[EventDate "2019.07.02"]
[EventCountry "GRE"]
[SourceTitle "playchess.com"]
[Source "ChessBase"]
[SourceQuality "1"]
[TimeControl "5400+30"]

1. c4 e6 2. Nc3 d5 3. d4 Nf6 4. Bg5 Be7 5. e3 O-O 6. Rc1 Nbd7 7. Nf3 h6 8. Bh4 c5 9. dxc5 dxc4 10. c6 bxc6 11. Bxc4 Bb7 12. O-O c5 13. Be2 Ne4 14. Bxe7 Qxe7 15. Nxe4 Bxe4 16. Qa4 Bd5 17. Qa5 Qd8 18. Qa3 Qb6 19. Rfd1 Rfd8 20. Nd2 a5 21. e4 Bb7 22. Nc4 Qb4 23. Qe3 Ba6 24. a3 Qb8 25. Rd2 Qc7 26. f3 Bxc4 27. Rxc4 Rab8 28. g3 Rb6 29. Qc3 Ra8 30. Kf2 Qb7 31. Ra4 Rb8 32. Rxa5 Rb3 33. Qc4 Qc7 34. Qa4 Ne5 35. Ra8 0-1

[Event "47th GRE-chT 2019"]
[Site "Patra"]
[Date "2019.07.06"]
[Round "7.3"]
[White "Giannoulakis, Lampros"]
[Black "Karousos-Theodorakis, Nikolaos"]
[Result "1/2-1/2"]
[ECO "E20"]
[WhiteElo "2305"]
[BlackElo "2304"]
[Annotator "NA"]
[PlyCount "59"]
[EventDate "2019.07.02"]
[EventCountry "GRE"]
[SourceTitle "playchess.com"]
[Source "ChessBase"]
[SourceQuality "1"]
[TimeControl "5400+30"]

1. d4 Nf6 2. c4 e6 3. Nc3 Bb4 4. f3 c5 5. a3 Ba5 6. dxc5 Bxc3+ 7. bxc3 Qa5 8. e4 Na6 9. Be3 Nxc5 10. Ne2 O-O 11. Qb1 d6 12. Qb5 Qc7 13. Nd4 Bd7 14. Qb4 a5 15. Qb2 d5 16. Nb5 Bxb5 17. Qxb5 Rac8 18. Bxc5 Qxc5 19. Qxc5 Rxc5 20. Rb1 Rb8 21. exd5 exd5 22. Rb5 b6 23. Kd2 Kf8 24. Be2 Rxb5 25. cxb5 Ke7 26. c4 Kd6 27. cxd5 Rc8 28. Bd3 Nxd5 29. Be4 Rc5 30. a4 1/2-1/2

[Event "47th GRE-chT 2019"]
[Site "Patra"]
[Date "2019.07.06"]
[Round "7.4"]
[White "Kalogeris, Ioannis"]
[Black "Georgiadis, Ioannis"]
[Result "1/2-1/2"]
[ECO "E12"]
[WhiteElo "2376"]
[BlackElo "2476"]
[Annotator "ChessBase"]
[PlyCount "75"]
[EventDate "2019.07.02"]
[EventCountry "GRE"]
[SourceTitle "playchess.com"]
[Source "ChessBase"]
[SourceQuality "1"]
[TimeControl "5400+30"]

1. d4 Nf6 2. Nf3 e6 3. c4 b6 4. a3 Bb7 5. Nc3 g6 6. Bg5 h6 7. Bh4 Bg7 8. d5 exd5 9. cxd5 O-O 10. e3 Re8 11. Rc1 a6 12. Be2 c5 13. dxc6 dxc6 14. Qxd8 Rxd8 15. Nd2 c5 16. Bf3 Bxf3 17. gxf3 Nbd7 18. Rc2 b5 19. b3 b4 20. axb4 cxb4 21. Bxf6 Nxf6 22. Na4 Nd5 23. Ke2 Rab8 24. Ne4 a5 25. Rd1 Nc3+ 26. Naxc3 bxc3 27. Rxd8+ Rxd8 28. Nxc3 Rb8 29. Nd5 Rxb3 30. Rc8+ Kh7 31. Ra8 Rb5 32. Nc7 Rb2+ 33. Kf1 Be5 34. Ra7 Kg8 35. Ra8+ Kh7 36. Ra7 Kg8 37. Ra8+ Kh7 38. Ra7 1/2-1/2

[Event "47th GRE-chT 2019"]
[Site "Patra"]
[Date "2019.07.06"]
[Round "7.4"]
[White "Balokas, Dimitrios"]
[Black "Tsekmes, Dimitrios"]
[Result "1-0"]
[ECO "B32"]
[WhiteElo "2206"]
[BlackElo "2172"]
[Annotator "NA"]
[PlyCount "97"]
[EventDate "2019.07.02"]
[EventCountry "GRE"]
[SourceTitle "playchess.com"]
[Source "ChessBase"]
[SourceQuality "1"]
[TimeControl "5400+30"]

1. e4 c5 2. Nf3 Nc6 3. d4 cxd4 4. Nxd4 Qb6 5. Nb3 Nf6 6. Nc3 e6 7. Bd3 d6 8. O-O Be7 9. Be3 Qc7 10. f4 a6 11. Qf3 e5 12. Nd5 Nxd5 13. exd5 Nb4 14. fxe5 O-O 15. Bxh7+ Kxh7 16. Qe4+ Kg8 17. Qxb4 dxe5 18. Bc5 Bxc5+ 19. Qxc5 Qxc5+ 20. Nxc5 Bg4 21. h3 Bh5 22. Rf5 Bg6 23. Rxe5 b6 24. Nb3 Rfd8 25. c4 b5 26. cxb5 f6 27. Re7 axb5 28. Rc1 Rxd5 29. Rcc7 Bb1 30. Rxg7+ Kh8 31. a3 Ba2 32. Rh7+ Kg8 33. Rcg7+ Kf8 34. Rg3 Ra4 35. Kh2 Rc4 36. Na5 Rc2 37. h4 Rd1 38. b3 Bb1 39. Rb7 Rcc1 40. Rf3 f5 41. Rxb5 Be4 42. Rf2 Rh1+ 43. Kg3 Rc3+ 44. Kf4 Rxh4+ 45. Kg5 Rh2 46. Nc4 Ke7 47. Re5+ Kd7 48. Rd2+ Kc8 49. Re8+ 1-0

[Event "47th GRE-chT 2019"]
[Site "Patra"]
[Date "2019.07.06"]
[Round "7.5"]
[White "Kantane, Anna"]
[Black "Salahidou, Reveka"]
[Result "1-0"]
[ECO "B41"]
[WhiteElo "2288"]
[BlackElo "1971"]
[Annotator "NA"]
[PlyCount "67"]
[EventDate "2019.07.02"]
[EventCountry "GRE"]
[SourceTitle "playchess.com"]
[Source "ChessBase"]
[SourceQuality "1"]
[TimeControl "5400+30"]

1. e4 c5 2. Nf3 e6 3. d4 cxd4 4. Nxd4 a6 5. c4 Nf6 6. Nc3 Qc7 7. a3 b6 8. Be3 Bb7 9. f3 d6 10. Be2 Be7 11. O-O O-O 12. Qd2 Nbd7 13. Rfc1 Rac8 14. a4 Bd8 15. a5 Qb8 16. axb6 Bxb6 17. b4 Bc7 18. b5 a5 19. Nc6 Bxc6 20. bxc6 Nc5 21. Rcb1 Qa8 22. e5 Ne8 23. Nb5 Qxc6 24. Na7 Qa8 25. Nxc8 Qxc8 26. exd6 Bxd6 27. Qxa5 Nf6 28. Rb6 Be7 29. Qb5 Ncd7 30. Rc6 Qe8 31. Ra7 Ne5 32. Qxe5 Qxc6 33. Rxe7 Nd7 34. Qb5 1-0

[Event "47th GRE-chT 2019"]
[Site "Patra"]
[Date "2019.07.06"]
[Round "7.5"]
[White "Botsari, Anna-Maria"]
[Black "Zawadzka, Jolanta"]
[Result "1/2-1/2"]
[ECO "E61"]
[WhiteElo "2233"]
[BlackElo "2422"]
[Annotator "NA"]
[PlyCount "61"]
[EventDate "2019.07.02"]
[EventCountry "GRE"]
[SourceTitle "playchess.com"]
[Source "ChessBase"]
[SourceQuality "1"]
[TimeControl "5400+30"]

1. d4 Nf6 2. c4 g6 3. Nf3 Bg7 4. e3 O-O 5. Be2 d6 6. Nc3 Bf5 7. O-O a5 8. b3 e5 9. dxe5 dxe5 10. Ba3 Qxd1 11. Raxd1 Re8 12. Nb5 Na6 13. Bb2 Ne4 14. Bd3 Bf6 15. g4 Ng5 16. Nxg5 Bxd3 17. Nxh7 Kxh7 18. Rxd3 e4 19. Rd2 Bxb2 20. Rxb2 Rad8 21. f3 Rd7 22. Nc3 Nc5 23. Nd5 Kg7 24. g5 Rh8 25. Rg2 c6 26. Nf6 exf3 27. Rxf3 Rd1+ 28. Rf1 Rd3 29. Rf3 Rd1+ 30. Rf1 Rd3 31. Rf3 1/2-1/2

[Event "47th GRE-chT 2019"]
[Site "Patra"]
[Date "2019.07.06"]
[Round "7.6"]
[White "Pasoglou, Ekaterini"]
[Black "Avramidou, Anastasia"]
[Result "1/2-1/2"]
[ECO "A48"]
[WhiteElo "1804"]
[BlackElo "2260"]
[Annotator "NA"]
[PlyCount "107"]
[EventDate "2019.07.02"]
[EventCountry "GRE"]
[SourceTitle "playchess.com"]
[Source "ChessBase"]
[SourceQuality "1"]
[TimeControl "5400+30"]

1. d4 Nf6 2. Nf3 g6 3. Bg5 Bg7 4. Nbd2 O-O 5. c3 d6 6. e4 c6 7. Be2 Qc7 8. h3 e5 9. dxe5 dxe5 10. Qc2 Nbd7 11. Be3 Re8 12. a4 b6 13. O-O Nf8 14. Rad1 Nh5 15. Nc4 Be6 16. Ng5 Nf4 17. Nxe6 Nxe2+ 18. Qxe2 Nxe6 19. g3 Re7 20. f4 exf4 21. gxf4 Rd7 22. Qg4 Rxd1 23. Rxd1 Rd8 24. Rf1 h5 25. Qg2 b5 26. Na3 b4 27. Nb1 bxc3 28. bxc3 Bh6 29. e5 Rd3 30. Qe4 Rxe3 31. Qxe3 Bxf4 32. Rxf4 Nxf4 33. Qxf4 Qb6+ 34. Kg2 Qxb1 35. Qd4 Qf5 36. Qxa7 Qe4+ 37. Kf2 Qc2+ 38. Kf3 Qxc3+ 39. Qe3 Qc4 40. Qe4 Qf1+ 41. Kg3 Qg1+ 42. Kf4 Qh2+ 43. Kg5 Kg7 44. Qf4 Qg1+ 45. Kh4 c5 46. Qf6+ Kg8 47. e6 Qe1+ 48. Kg5 Qe3+ 49. Kh4 Qe4+ 50. Kg5 Qe3+ 51. Kh4 Qe4+ 52. Kg5 Qe3+ 53. Kh4 Qe4+ 54. Kg5 1/2-1/2

[Event "47th GRE-chT 2019"]
[Site "Patra"]
[Date "2019.07.06"]
[Round "7.6"]
[White "Stratigi, Evangelia"]
[Black "Mastrakouli, Evagelia"]
[Result "1/2-1/2"]
[ECO "B30"]
[WhiteElo "1624"]
[BlackElo "1788"]
[Annotator "NA"]
[PlyCount "85"]
[EventDate "2019.07.02"]
[EventCountry "GRE"]
[SourceTitle "playchess.com"]
[Source "ChessBase"]
[SourceQuality "1"]
[TimeControl "5400+30"]

1. e4 c5 2. Nf3 Nc6 3. Bc4 e6 4. O-O a6 5. Re1 b5 6. Bf1 Nf6 7. c3 c4 8. b3 cxb3 9. axb3 Qb6 10. d4 d5 11. e5 Nd7 12. b4 Be7 13. Qd3 Qc7 14. Na3 Bb7 15. Ng5 h6 16. Qh3 Nb6 17. Bd3 Rc8 18. Qh5 Nd8 19. Bd2 Bxg5 20. Bxg5 Qxc3 21. Bxd8 Rxd8 22. Bxb5+ axb5 23. Nxb5 Qxb4 24. Reb1 Qe7 25. Ra7 Nc8 26. Nd6+ Rxd6 27. Rbxb7 Rc6 28. Rxe7+ Nxe7 29. h3 Ng6 30. Qd1 O-O 31. g3 Rfc8 32. Kg2 Rc1 33. Qf3 Rf8 34. Qa3 Rc4 35. Qa1 f6 36. exf6 Rxf6 37. Ra8+ Kh7 38. Ra2 Ne7 39. Ra4 Rc2 40. Qf1 Nf5 41. Qd3 Rb2 42. g4 Rg6 43. Kf1 1/2-1/2

[Event "47th GRE-chT 2019"]
[Site "Patra"]
[Date "2019.07.06"]
[Round "7.7"]
[White "Arapkoule, Eirini"]
[Black "Pasoglou, Nikoleta"]
[Result "0-1"]
[ECO "E14"]
[WhiteElo "1370"]
[BlackElo "1258"]
[Annotator "NA"]
[PlyCount "52"]
[EventDate "2019.07.02"]
[EventCountry "GRE"]
[SourceTitle "playchess.com"]
[Source "ChessBase"]
[SourceQuality "1"]
[TimeControl "5400+30"]

1. d4 Nf6 2. Nf3 e6 3. e3 b6 4. Bd3 Bb7 5. O-O d5 6. b3 Bd6 7. Bb2 O-O 8. Nbd2 Ne4 9. c4 Nd7 10. Qe2 f5 11. Ne5 Bxe5 12. dxe5 Ndc5 13. cxd5 Nxd2 14. Qxd2 Qxd5 15. f3 Qxd3 16. Qxd3 Nxd3 17. Ba3 Rfd8 18. f4 Rd7 19. Rfd1 Rad8 20. Rd2 Nxe5 21. Rxd7 Nxd7 22. Rd1 Bc6 23. Rc1 Nb8 24. Bb4 a5 25. Bc3 Be4 26. Be5 Na6 0-1

[Event "47th GRE-chT 2019"]
[Site "Patra"]
[Date "2019.07.06"]
[Round "7.7"]
[White "Giannoulaki, Ermofili"]
[Black "Kaliontzaki, Argyro Evanthia"]
[Result "1/2-1/2"]
[ECO "D05"]
[WhiteElo "1269"]
[BlackElo "1324"]
[Annotator "NA"]
[PlyCount "82"]
[EventDate "2019.07.02"]
[EventCountry "GRE"]
[SourceTitle "playchess.com"]
[Source "ChessBase"]
[SourceQuality "1"]
[TimeControl "5400+30"]

1. d4 Nf6 2. Nf3 e6 3. e3 d5 4. Bd3 Bd6 5. b3 O-O 6. O-O b6 7. Bb2 Bb7 8. Nbd2 c5 9. c4 cxd4 10. exd4 dxc4 11. bxc4 Nc6 12. Ng5 h6 13. Nge4 Be7 14. Nf3 Nb4 15. Nxf6+ Bxf6 16. Be2 Qd7 17. Ne5 Bxe5 18. dxe5 Rfd8 19. Qb3 Na6 20. Rfd1 Qc7 21. Qe3 Rxd1+ 22. Rxd1 Rd8 23. Rxd8+ Qxd8 24. Ba3 Qd7 25. Bd6 Qa4 26. Qb3 Bc6 27. Kf1 Nc5 28. Bxc5 bxc5 29. Qxa4 Bxa4 30. Ke1 Kf8 31. Kd2 Ke7 32. Kc3 f6 33. exf6+ gxf6 34. Bf3 Kd6 35. Bb7 Kc7 36. Ba6 Kb6 37. Bc8 e5 38. Kd3 Bc6 39. g3 Ka5 40. Kc3 Ka4 41. Kb2 Kb4 1/2-1/2

[Event "47th GRE-chT 2019"]
[Site "Patra"]
[Date "2019.07.06"]
[Round "7.8"]
[White "Spyropoulos, Nikolaos"]
[Black "Sotiropoulos, Anastasios-Theohar"]
[Result "1-0"]
[ECO "B12"]
[WhiteElo "2404"]
[BlackElo "1919"]
[Annotator "NA"]
[PlyCount "81"]
[EventDate "2019.07.02"]
[EventCountry "GRE"]
[SourceTitle "playchess.com"]
[Source "ChessBase"]
[SourceQuality "1"]
[TimeControl "5400+30"]

1. e4 c6 2. d4 d5 3. e5 Bf5 4. h4 h6 5. g4 Bd7 6. h5 c5 7. dxc5 e6 8. Be3 Qc7 9. f4 Bxc5 10. Bxc5 Qxc5 11. Qd2 Nc6 12. Nc3 a6 13. Nf3 Nge7 14. Bd3 O-O-O 15. O-O-O Kb8 16. Kb1 Na7 17. Rhg1 Bb5 18. Nxb5 Nxb5 19. g5 Nc6 20. gxh6 gxh6 21. Rg7 Rdf8 22. c3 Nc7 23. Rdg1 Ne8 24. R7g2 Nc7 25. Bc2 Qe7 26. Qf2 Qd8 27. Rg7 Ne8 28. R7g4 Qe7 29. Nh4 Nc7 30. Bd3 Qd7 31. a3 d4 32. c4 a5 33. Qd2 Rc8 34. Rg7 Ne8 35. R7g3 Qd8 36. Nf3 Rf8 37. f5 Rh8 38. Qf4 f6 39. exf6+ e5 40. Nxe5 Ka8 41. Nf7 1-0

[Event "47th GRE-chT 2019"]
[Site "Patra"]
[Date "2019.07.06"]
[Round "7.8"]
[White "Kazakos, Markos"]
[Black "Kouskoutis, Georgios-Alexandros"]
[Result "1/2-1/2"]
[ECO "A37"]
[WhiteElo "2069"]
[BlackElo "2256"]
[Annotator "NA"]
[PlyCount "106"]
[EventDate "2019.07.02"]
[EventCountry "GRE"]
[SourceTitle "playchess.com"]
[Source "ChessBase"]
[SourceQuality "1"]
[TimeControl "5400+30"]

1. Nf3 c5 2. g3 g6 3. Bg2 Bg7 4. O-O Nc6 5. c4 e5 6. Nc3 Nge7 7. d3 O-O 8. Ne1 d6 9. Nc2 Rb8 10. Rb1 a6 11. b4 cxb4 12. Nxb4 Bd7 13. Bd2 Nxb4 14. Rxb4 b5 15. cxb5 axb5 16. Qb1 Qe8 17. Rc1 f5 18. Bg5 Nc6 19. Rxb5 Nd4 20. Rxb8 Qxb8 21. Bd5+ Kh8 22. e3 Qxb1 23. Rxb1 Ne6 24. Be7 Rc8 25. Nb5 Rb8 26. a4 Rb6 27. a5 Rxb5 28. Rxb5 Bxb5 29. Bxe6 Bxd3 30. Bc8 d5 31. a6 Bxa6 32. Bxa6 Kg8 33. Bc8 Kf7 34. Bd6 e4 35. Bc5 Bc3 36. Kf1 Ba5 37. Ke2 Bc3 38. Bd7 Ba5 39. Kd1 Bc3 40. Ba4 Ba5 41. Ba3 Bc3 42. Bb3 Ke6 43. Bc1 g5 44. Bd2 Be5 45. Kc2 h5 46. Ba4 h4 47. Kb3 Bd6 48. Bb5 Bc5 49. Ba6 f4 50. Bc8+ Kf7 51. exf4 Bxf2 52. fxg5 hxg3 53. hxg3 e3 1/2-1/2

[Event "47th GRE-chT 2019"]
[Site "Patra"]
[Date "2019.07.06"]
[Round "7.9"]
[White "Chatzieleftheriou, Andreas"]
[Black "Tsarsitalidis, Konstantinos"]
[Result "0-1"]
[ECO "B31"]
[WhiteElo "2208"]
[BlackElo "2001"]
[Annotator "NA"]
[PlyCount "74"]
[EventDate "2019.07.02"]
[EventCountry "GRE"]
[SourceTitle "playchess.com"]
[Source "ChessBase"]
[SourceQuality "1"]
[TimeControl "5400+30"]

1. e4 c5 2. Be2 a6 3. d3 Nc6 4. f4 e6 5. Nf3 d5 6. O-O Be7 7. c3 d4 8. a4 Rb8 9. Na3 b5 10. axb5 axb5 11. Nc2 Nf6 12. Kh1 O-O 13. cxd4 cxd4 14. b3 Bc5 15. Bb2 Bb7 16. Qe1 Nh5 17. b4 Bb6 18. Nd2 Nf6 19. Nb3 Rc8 20. Qd2 Qd7 21. Bf3 Rfd8 22. g4 Qe7 23. Na5 Bxa5 24. bxa5 Ra8 25. e5 Nd5 26. Nxd4 Nxd4 27. Bxd4 Nb4 28. Bb6 Rxd3 29. Qg2 Rxf3 30. Rxf3 Nd5 31. Rb1 Nxf4 32. Qg3 Ne2 33. Qf2 Nc3 34. Kg1 Nxb1 35. Rb3 Qd7 36. Rxb1 Qd5 37. Kf1 Qd3+ 0-1

[Event "47th GRE-chT 2019"]
[Site "Patra"]
[Date "2019.07.06"]
[Round "7.9"]
[White "Gavriilidis, Orestis"]
[Black "Damianou, Ioannis"]
[Result "1-0"]
[ECO "A13"]
[WhiteElo "1906"]
[BlackElo "2154"]
[Annotator "NA"]
[PlyCount "121"]
[EventDate "2019.07.02"]
[EventCountry "GRE"]
[SourceTitle "playchess.com"]
[Source "ChessBase"]
[SourceQuality "1"]
[TimeControl "5400+30"]

1. c4 e6 2. g3 Nf6 3. Bg2 d5 4. Nf3 Be7 5. d4 O-O 6. O-O c6 7. Qc2 b6 8. Rd1 Nbd7 9. Bf4 Nh5 10. Bc1 f5 11. Ne5 Nxe5 12. dxe5 g5 13. cxd5 cxd5 14. e4 f4 15. Qe2 Qe8 16. exd5 Bb7 17. Nc3 Bc5 18. Ne4 fxg3 19. hxg3 Nxg3 20. Nxg3 Rxf2 21. Qxf2 Bxf2+ 22. Kxf2 exd5 23. Re1 Qg6 24. Bd2 h5 25. Kg1 h4 26. e6 hxg3 27. Re5 Qd3 28. Rxg5+ Kh7 29. Rh5+ Kg6 30. Rg5+ Kf6 31. Rf1+ Kxe6 32. Bh3+ Kd6 33. Bb4+ Kc6 34. Rf6+ Kb5 35. Bf1 Qxf1+ 36. Kxf1 Kxb4 37. Rf4+ Kc5 38. Rxg3 d4 39. Rg5+ Kc4 40. Rgg4 Rd8 41. Ke2 a5 42. Kd2 a4 43. Rg7 Bc6 44. Rf6 Rc8 45. Rgg6 Kc5 46. Rg5+ Kc4 47. Rf1 Kb4 48. Rc1 Bb7 49. a3+ Kb3 50. Rb5+ Ka2 51. Rxc8 Bxc8 52. Rxb6 Bf5 53. Rb4 Be6 54. Kc1 d3 55. Rxa4 d2+ 56. Kxd2 Kxb2 57. Ra7 Kb3 58. Kd3 Bc4+ 59. Kd4 Bb5 60. Rb7 Ka4 61. Ke4 1-0

[Event "47th GRE-chT 2019"]
[Site "Patra"]
[Date "2019.07.06"]
[Round "7.10"]
[White "Tsarsitalidis, Christos"]
[Black "Merkos, Thomas"]
[Result "1-0"]
[ECO "B22"]
[WhiteElo "1802"]
[BlackElo "1665"]
[Annotator "NA"]
[PlyCount "79"]
[EventDate "2019.07.02"]
[EventCountry "GRE"]
[SourceTitle "playchess.com"]
[Source "ChessBase"]
[SourceQuality "1"]
[TimeControl "5400+30"]

1. e4 c5 2. Nf3 e6 3. c3 d5 4. exd5 exd5 5. d4 Nc6 6. Be2 Nf6 7. O-O Bd6 8. dxc5 Bxc5 9. Bg5 Be6 10. Nd4 Bxd4 11. cxd4 Qb6 12. Nc3 Qxd4 13. Qb3 Qb4 14. Qxb4 Nxb4 15. Rad1 Ne4 16. Bb5+ Nc6 17. Nxe4 dxe4 18. Rd6 O-O 19. Bxc6 bxc6 20. Rxc6 Bxa2 21. Ra1 Bd5 22. Rc5 Be6 23. Re5 Rfb8 24. Rxe4 Rb7 25. b3 Rxb3 26. h3 Rb2 27. Be3 h6 28. Rc4 a6 29. Rca4 Bc8 30. Rd1 Bb7 31. Rg4 Rc2 32. Bxh6 g6 33. Bg5 f5 34. Rh4 Rf8 35. Rd7 Bc8 36. Rdh7 Re2 37. Rh8+ Kf7 38. R4h7+ Ke8 39. Rxf8+ Kxf8 40. Rh8+ 1-0

[Event "47th GRE-chT 2019"]
[Site "Patra"]
[Date "2019.07.06"]
[Round "7.10"]
[White "Christodoulakis, Michail"]
[Black "Kapia, Aggeliki"]
[Result "1-0"]
[ECO "C02"]
[WhiteElo "1224"]
[BlackElo "1168"]
[Annotator "NA"]
[PlyCount "73"]
[EventDate "2019.07.02"]
[EventCountry "GRE"]
[SourceTitle "playchess.com"]
[Source "ChessBase"]
[SourceQuality "1"]
[TimeControl "5400+30"]

1. e4 e6 2. d4 d5 3. e5 c5 4. c3 Nc6 5. Nf3 Bd7 6. Be3 cxd4 7. cxd4 Nge7 8. Bd3 Nb4 9. Nc3 Nxd3+ 10. Qxd3 Nf5 11. g4 Nxe3 12. Qxe3 Be7 13. O-O Rc8 14. h3 h6 15. Rac1 a6 16. Ne2 Rxc1 17. Rxc1 Bb5 18. Nc3 Bc6 19. Qd2 O-O 20. b3 Qd7 21. Qb2 Rc8 22. a3 Qd8 23. Rc2 Qf8 24. b4 a5 25. Na2 axb4 26. Nxb4 Bd7 27. Rxc8 Qxc8 28. Nd2 Bg5 29. Nb3 b6 30. Kg2 Ba4 31. Nd2 f6 32. Nf3 Bc1 33. Qa1 Qc4 34. Ne1 Bb5 35. Ned3 Bd2 36. exf6 gxf6 37. Qb2 1-0

[Event "47th GRE-chT 2019"]
[Site "Patra"]
[Date "2019.07.06"]
[Round "7.11"]
[White "Saric, Ivan"]
[Black "Laznicka, Viktor"]
[Result "1/2-1/2"]
[ECO "C65"]
[WhiteElo "2681"]
[BlackElo "2658"]
[Annotator "RC"]
[PlyCount "93"]
[EventDate "2019.07.02"]
[EventCountry "GRE"]
[SourceTitle "playchess.com"]
[Source "ChessBase"]
[SourceQuality "1"]
[TimeControl "5400+30"]

1. e4 e5 2. Nf3 Nc6 3. Bb5 Nf6 4. d3 Bc5 5. Nbd2 Nd4 6. Nxd4 Bxd4 7. c3 Bb6 8. d4 c6 9. dxe5 cxb5 10. exf6 Qxf6 11. O-O O-O 12. a4 bxa4 13. Nc4 Bc7 14. Ne3 b5 15. Nd5 Qd8 16. c4 a6 17. Ra3 Bb7 18. Rh3 Bxd5 19. exd5 Qf6 20. cxb5 Bb6 21. Qxa4 Rfe8 22. Qc2 Qg6 23. Qxg6 hxg6 24. bxa6 Rxa6 25. Rd3 Ra4 26. g3 Re2 27. Bd2 Rd4 28. Rxd4 Bxd4 29. Bc3 Bxc3 30. bxc3 Rc2 31. Ra1 Kf8 32. Ra8+ Ke7 33. Rc8 g5 34. h3 Kd6 35. c4 Ke5 36. Kg2 Rc3 37. Re8+ Kd6 38. Re4 f5 39. Re8 Rxc4 40. Rg8 g4 41. h4 Kxd5 42. Rxg7 Ke6 43. h5 Rc8 44. h6 Rh8 45. h7 d5 46. Rg6+ Kf7 47. Rd6 1/2-1/2